 Dungeon Crawl Stone Soup version 0.32-a0-17-gb74e046682 (webtiles) character file.

Game seed: 5927237805248172397

737422 Orthodox the Slayer (level 27, 0/193 (242) HPs)
             Began as a Demonspawn Fighter on July 19, 2022.
             Was the Champion of Kikubaaqudgha.
             Slain by an iron golem (9 damage)
             ... on level 3 of the Iron City of Dis on Jan 15, 2024.
             The game lasted 10:37:16 (117086 turns).

Orthodox the Slayer (Demonspawn Fighter)          Turns: 117086, Time: 10:37:16

HP:   0/193 (242)   AC: 38    Str: 24      XL:     27
MP:   33/33         EV:  7    Int: 24      God:    Kikubaaqudgha [******]
Gold: 6261          SH: 27    Dex:  5 (12) Spells: 21/46 levels left

rFire   + + .        a - +7 morningstar "Jaklul" {heavy, Int+5}
rCold   + + +        u - +5 kite shield of Quantum Leap {Will+}
rNeg    + + .        V - +12 gold dragon scales
rPois   +            d - +1 hat of the Bruised Stories {rElec rPois rC+ Dex-3 SInv}
rElec   +            (cloak unavailable)
rCorr   .            X - +3 pair of gauntlets of War {Slay+5}
SInv    +            E - +2 pair of boots of Arujammo {rC+ Will+}
Will    ++++.        H - amulet of reflection Stlth
                     L - ring "Doubiz" {rN+ Int+5}
HPRegen 0.52/turn    D - ring of Hepliaklqana's Whim {rElec rC+ rN+ Will- Slay+4}
MPRegen 0.23/turn

%: reflection, clarity
@: about to teleport, corroded, hasted, studying Axes, heavily drained, very
quick
A: icy blue scales 3, hurl damnation, foul stench 3, icemail 2, torment
resistance 1, condensation shield, demonic willpower, weakness stinger 3,
clarity, deformed body, fire resistance 1, low MP 1, mutation resistance 1,
poison resistance
}: 4/15 runes: barnacled, slimy, silver, gossamer
a: Hurl Damnation, Renounce Religion, Unearth Wretches, Torment


You were on level 3 of the Iron City of Dis.
You worshipped Kikubaaqudgha.
Kikubaaqudgha was exalted by your worship.
You visited 16 branches of the dungeon, and saw 64 of its levels.
You visited 1 bazaar.
You also visited: Trove, Ice Cave, Volcano and Desolation.

You collected 11187 gold pieces.
You spent 4926 gold pieces at shops.

Inventory:

Hand Weapons
 a - the +7 morningstar "Jaklul" (weapon) {heavy, Int+5}
   (Okawaru gifted it to you on level 5 of the Pits of Slime)

   Int+5:     It affects your intelligence (+5).
 h - the +8 battleaxe "Ogatz" {vamp, rF++ Will++ Dex-5}
   (You found it in a treasure trove)

   Dex-5:     It affects your dexterity (-5).
   rF++:      It greatly protects you from fire.
   Will++:    It greatly increases your willpower.
 j - a +9 vampiric demon whip
 N - the +5 demon whip "Spellbinder" {antimagic, disrupt, Will+}
   (You took it off a hell knight on level 3 of the Crypt)

   Will+:     It increases your willpower.
 Y - the +7 flail of the Spinneret {pain, rElec rPois Dex+2}
   (Okawaru gifted it to you on level 2 of the Elven Halls)

   Dex+2:     It affects your dexterity (+2).
   rElec:     It insulates you from electricity.
   rPois:     It protects you from poison
Missiles
 x - 4 throwing nets {!f}
 T - 27 silver javelins (quivered)
Armour
 b - the +6 chain mail "Temeur" {rC+ rN+ Dex+3}
   (You took it off a tengu warrior on level 3 of the Depths)

   Dex+3:     It affects your dexterity (+3).
   rC+:       It protects you from cold.
   rN+:       It protects you from negative energy.
 d - the +1 hat of the Bruised Stories (worn) {rElec rPois rC+ Dex-3 SInv}
   (Okawaru gifted it to you on level 4 of the Vaults)

   Dex-3:     It affects your dexterity (-3).
   rC+:       It protects you from cold.
   rElec:     It insulates you from electricity.
   rPois:     It protects you from poison SInv: It lets you see invisible.
 u - the +5 kite shield of Quantum Leap (worn) {Will+}
   (Okawaru gifted it to you on level 4 of the Depths)

   Will+:     It increases your willpower.
 y - the +9 plate armour "Puistuku" {^Drain rF++ rN++}
   (You found it on level 3 of the Crypt)

   rF++:      It greatly protects you from fire.
   rN++:      It greatly protects you from negative energy.
   ^Drain:    It drains your maximum health when unequipped.
 z - a +0 tower shield of fire resistance
 E - the +2 pair of boots of Arujammo (worn) {rC+ Will+}
   (Okawaru gifted it to you on level 4 of the Spider Nest)

   rC+:       It protects you from cold.
   Will+:     It increases your willpower.
 M - the +4 chain mail "Fazangeh" {rPois rN+ Will- Int+2}
   (Okawaru gifted it to you on level 10 of the Dungeon)

   Int+2:     It affects your intelligence (+2).
   rPois:     It protects you from poison rN+: It protects you from negative
   energy.
   Will-:     It decreases your willpower.
 P - a +2 tower shield of cold resistance
 V - +12 gold dragon scales (worn)
 X - the +3 pair of gauntlets of War (worn) {Slay+5}
   (You acquired it on level 1 of the Crypt)

   Slay+5:    It affects your accuracy & damage with ranged weapons and melee
   (+5).
Jewellery
 m - a ring of resist corrosion
 n - the ring of the Resonant God {+Blink rF+ Dex+2 SInv}
   (You took it off a deep elf sorcerer on level 3 of the Elven Halls)

   [ring of see invisible]

   Dex+2:     It affects your dexterity (+2).
   rF+:       It protects you from fire.
   SInv:      It lets you see invisible.
   +Blink:    It lets you blink.
 p - the ring of Osennaus {rN+ Dex+7}
   (You found it on level 3 of the Crypt)

   [ring of positive energy]

   Dex+7:     It affects your dexterity (+7).
   rN+:       It protects you from negative energy.
 A - the amulet of the Prince {Spirit +Inv rC+ Dex-2}
   (You found it on level 6 of the Dungeon)

   [amulet of guardian spirit]

   Spirit:    It causes incoming damage to be divided between your reserves of
   health and magic.
   Dex-2:     It affects your dexterity (-2).
   rC+:       It protects you from cold.
   +Inv:      It lets you turn invisible.
 D - the ring of Hepliaklqana's Whim (right hand) {rElec rC+ rN+ Will- Slay+4}
   (You bought it in a shop on level 5 of the Vaults)

   [ring of slaying]

   Slay+4:    It affects your accuracy & damage with ranged weapons and melee
   (+4).
   rC+:       It protects you from cold.
   rElec:     It insulates you from electricity.
   rN+:       It protects you from negative energy.
   Will-:     It decreases your willpower.
 F - the ring of Weost {Ice Int+7 Slay+6 SInv}
   (You took it off Josephina on level 1 of the Realm of Zot)

   [ring of ice]

   Ice:       It enhances your ice magic.
   Int+7:     It affects your intelligence (+7).
   Slay+6:    It affects your accuracy & damage with ranged weapons and melee
   (+6).
   rF-:       It makes you vulnerable to fire.
   rC+:       It protects you from cold.
   SInv:      It lets you see invisible.
 H - an amulet of reflection (around neck)
 L - the ring "Doubiz" (left hand) {rN+ Int+5}
   (You found it on level 5 of the Lair of Beasts)

   [ring of positive energy]

   Int+5:     It affects your intelligence (+5).
   rN+:       It protects you from negative energy.
 R - the ring "Xoquos" {rElec rPois rC- Int+2 Dex+6}
   (You found it on level 5 of the Pits of Slime)

   [ring of dexterity]

   Int+2:     It affects your intelligence (+2).
   Dex+6:     It affects your dexterity (+6).
   rC-:       It makes you vulnerable to cold.
   rElec:     It insulates you from electricity.
   rPois:     It protects you from poison
 S - the ring of Deuniv {Will+ SInv}
   (You acquired it on level 2 of the Lair of Beasts)

   [ring of see invisible]

   Will+:     It increases your willpower.
   SInv:      It lets you see invisible.
Wands
 c - a wand of digging (8)
 q - a wand of polymorph (7)
 s - a wand of acid (11)
 t - a wand of roots (33)
Scrolls
 f - 8 scrolls of silence
 g - a scroll of enchant armour
 k - 6 scrolls of teleportation
 o - 6 scrolls of revelation
 v - 3 scrolls of fog
 J - 5 scrolls of fear
 O - a scroll of amnesia
Potions
 l - 3 potions of might
 r - 6 potions of resistance
 B - 2 potions of mutation
 C - 4 potions of haste
 K - 3 potions of magic
 Q - 21 potions of curing {@q1}
 U - a potion of invisibility
 W - 2 potions of brilliance
 Z - 5 potions of cancellation
Miscellaneous
 w - the horn of Geryon


   Skills:
 - Level 25.0 Fighting
 + Level 8.0(17.0) Axes
 - Level 23.1(23.5) Maces & Flails
 - Level 20.3 Armour
 - Level 11.5 Dodging
 - Level 20.0 Shields
 - Level 10.1 Spellcasting
 - Level 12.6 Hexes
 * Level 19.7 Necromancy
 - Level 11.6 Air Magic
 - Level 15.0 Invocations
 - Level 8.4 Evocations


You had 21 spell levels left.
You knew the following spells:

 Your Spells              Type           Power      Damage    Failure   Level
a - Silence               Hex/Air        31%        N/A       21%         5
b - Dispel Undead         Necr           82%        3d27      1%          4
c - Haunt                 Necr/Summ      28%        N/A       100%        7
d - Animate Dead          Necr           82%        N/A       1%          4
e - Curse of Agony        Necr           82%        N/A       1%          5

Your spell library contained the following spells:

 Spells                   Type           Power      Damage    Failure   Level
 Necrotise                Necr           100%       1d9       1%          1
 Sublimation of Blood     Necr           82%        N/A       1%          2
 Fugue of the Fallen      Necr           82%        N/A       1%          3
 Vampiric Draining        Necr           82%        2d11      1%          3
 Anguish                  Hex/Necr       37%        N/A       1%          4
 Cigotuvi's Dreadful Rot  Necr/Alch/Air  100%       N/A       2%          2
 Swiftness                Air            62%        N/A       2%          3
 Death Channel            Necr           41%        N/A       4%          6
 Airstrike                Air            31%        2d(5-21)  9%          4
 Shock                    Conj/Air       100%       1d9       10%         1
 Ensorcelled Hibernation  Hex/Ice        84%        N/A       12%         2
 Mercury Vapours          Alch/Air       80%        N/A       14%         2
 Static Discharge         Conj/Air       80%        3-7/arc   14%         2
 Inner Flame              Hex/Fire       42%        N/A       24%         3
 Portal Projectile        Hex/Tloc       84%        N/A       24%         3
 Borgnjor's Vile Clutch   Necr/Erth      28%        N/A       45%         5
 Mephitic Cloud           Conj/Alch/Air  30%        N/A       54%         3
 Summon Lightning Spire   Summ/Air       40%        N/A       67%         4
 Foxfire                  Conj/Fire      48%        2x1d6     71%         1
 Freeze                   Ice            48%        1d6       71%         1
 Magic Dart               Conj           48%        1d5       71%         1
 Summon Small Mammal      Summ           48%        N/A       71%         1
 Call Imp                 Summ           24%        N/A       85%         2
 Lesser Beckoning         Tloc           24%        N/A       85%         2
 Metabolic Englaciation   Hex/Ice        21%        N/A       91%         5
 Summon Mana Viper        Hex/Summ       42%        N/A       91%         5
 Yara's Violent Unravell  Hex/Alch       21%        3d10      91%         5
 Borgnjor's Revivificati  Necr           41%        N/A       91%         8
 Infestation              Necr           41%        N/A       91%         8
 Lightning Bolt           Conj/Air       20%        1d35      95%         5
 Gell's Gravitas          Tloc           12%        N/A       97%         3
 Hailstorm                Conj/Ice       12%        3d6       97%         3
 Ozocubu's Armour         Ice            12%        N/A       97%         3
 Passwall                 Erth           12%        N/A       97%         3
 Teleport Other           Tloc           12%        N/A       97%         3
 Enfeeble                 Hex            32%        N/A       99%         7
 Animate Armour           Summ/Erth      24%        N/A       100%        4
 Ignite Poison            Fire/Alch      12%        N/A       100%        4
 Leda's Liquefaction      Alch/Erth      6%         N/A       100%        4
 Passage of Golubria      Tloc           12%        N/A       100%        4
 Petrify                  Alch/Erth      12%        N/A       100%        4
 Sticky Flame             Fire/Alch      12%        2d5       100%        4
 Alistair's Intoxication  Alch           8%         N/A       100%        5
 Fireball                 Conj/Fire      6%         3d5       100%        5
 Irradiate                Conj/Alch      6%         3d13      100%        5
 Iskenderun's Battlesphe  Conj           12%        2d7       100%        5
 Lee's Rapid Deconstruct  Erth           6%         3d6*      100%        5
 Bombard                  Conj/Erth      6%         9d2       100%        6
 Conjure Ball Lightning   Conj/Air       20%        3x3d6     100%        6
 Dispersal                Tloc           6%         N/A       100%        6
 Sculpt Simulacrum        Ice/Alch       6%         N/A       100%        6
 Starburst                Conj/Fire      6%         6d4       100%        6
 Orb of Destruction       Conj           6%         9d6       100%        7
 Ozocubu's Refrigeration  Ice            6%         4d8       100%        7
 Summon Hydra             Summ           6%         N/A       100%        7
 Ignition                 Fire           6%         3d4       100%        8
 Lehudib's Crystal Spear  Conj/Erth      6%         10d3      100%        8
 Maxwell's Capacitive Co  Air            31%        ∞         100%        8
 Chain Lightning          Conj/Air       20%        3d26      100%        9
 Death's Door             Necr           41%        N/A       100%        9
 Fire Storm               Conj/Fire      6%         8d2       100%        9
 Shatter                  Erth           6%         3d9*      100%        9


Dungeon Overview and Level Annotations

Branches:
Dungeon (15/15)            Temple (1/1) D:4            Lair (5/5) D:10
 Shoals (4/4) Lair:2       Spider (4/4) Lair:3        Slime (5/5) Lair:5
    Orc (2/2) D:10            Elf (3/3) Orc:2        Vaults (5/5) D:14
  Crypt (3/3) Vaults:3       Tomb (1/3) Crypt:3      Depths (4/4) D:15
   Hell (visited)             Dis (3/7) Hell            Geh (0/7) Hell
    Coc (0/7) Hell            Tar (3/7) Hell            Zot (5/5) Depths:4
  IceCv (visited)         Volcano (visited)         Desolation (visited)

Altars:
Ashenzari
Cheibriados
Dithmenos
Fedhas
Gozag
Hepliaklqana
Kikubaaqudgha
Makhleb
Nemelex Xobeh
Okawaru
Qazlal
Ru
Sif Muna
Trog
Vehumet
Wu Jian
Xom
Yredelemnul
Jiyva

Shops:
Orc:2 [(?(   Elf:1 [   Shoals:1 (   Shoals:3 [   Vaults:2 (((   Vaults:5 ?!!(==
Depths:3 (

Portals:
Hell: Depths:1 Depths:2 Depths:3 Depths:4
Abyss: Depths:2 Depths:3
Pandemonium: Depths:2
Ziggurat: Depths:2

Annotations:
D:15 2 transporters, Roxanne; Zyben's ghost, journeyman GrEE
Shoals:3 Mara
Vaults:2 2 transporters, Tang's ghost, master DsGl
Zot:4 1 runed translucent door, Kawoqao's ghost, legendary MiBe


Innate Abilities, Weirdness & Mutations

You are completely covered in icy blue scales. (AC +4, rC+)
You can hurl damnation.
You frequently emit foul miasma when damaged in melee.
A meltable icy envelope protects you from harm. (AC +8)
You are resistant to unholy torment.
A meltable shield of frost defends you. (SH +4)
You punish those that try to bend your will. (Will+)
You have a sharp stinger which inflicts weakening toxins.
You possess an exceptional clarity of mind.
Armour fits poorly on your strangely shaped body.
Your flesh is heat resistant. (rF+)
Your magical capacity is low. (-10% MP)
You are somewhat resistant to further mutation.
Your system is resistant to poisons. (rPois)


Message History

Unknown command.
As you read the scroll of teleportation, it crumbles to dust.
You feel strangely unstable. The iron golem hits you!
* * * LOW HITPOINT WARNING * * *
The iron golem hits you but does no damage.
You take 7 damage, and have 8/193 hp.
Unknown command.
Unknown command.
Unknown command.
Okay, then.
Unknown command.
Unknown command.
Unknown command.
As you read the scroll of summoning, it crumbles to dust.
Wisps of shadow whirl around you...
You block the golden dragon's attack. x2
The golden dragon closely misses you. The iron golem barely misses you.
You block the iron golem's attack.
Unknown command.
Unknown command.
Unknown command.
As you read the scroll of fog, it dissolves into smoke.
Your caustic shrike claws the iron golem but does no damage.
Your caustic shrike claws the golden dragon but does no damage.
Unknown command.
Unknown command.
Unknown command.
Unknown command.
As you read the scroll of summoning, it crumbles to dust.
Wisps of shadow whirl around you...
The shadows disperse without effect.
Your caustic shrike claws the golden dragon!!
The golden dragon is splashed with acid.
The acid corrodes the golden dragon!
Your caustic shrike claws the iron golem but does no damage.
Something bites your caustic shrike!! Something claws your caustic shrike!
Something closely misses your caustic shrike.
The golden dragon breathes poison at you.
The blast of poison misses you. The iron golem hits you!
You die...
Kikubaaqudgha rasps: "You have failed me!
Welcome... death!"

#### .b...
......####
......99b##
####+###@b#
..#........##D#
.....8...8.DDDb#
.............D.#
⌠...§...........
..8.§.....D.8D..#
...........D....#
................#
..^....∩r^......#


You could see an iron golem (ally target), 2 golden dragons, a war gargoyle and
3 friendly caustic shrikes.

Vanquished Creatures
  the Royal Jelly (Slime:5)
  6 dread liches
  3 ancient liches
  3 orbs of fire
  Mennas (Depths:4)
  3 juggernauts
  2 royal mummies (Tomb:1)
  Josephina (Zot:1)
  Parghit (Zot:2)
  Margery (Vaults:5)
  Frederick (Vaults:5)
  2 Killer Klowns (Zot:5)
  Xtahua (Crypt:3)
  10 caustic shrikes
  18 golden dragons
  Geryon (Hell)
  8 curse toes
  Saint Roka (Arena)
  Jory (Crypt:2)
  7 doom hounds
  4 bone dragons
  3 profane servitors (Tar:2)
  Arachne (Spider:4)
  4 electric golems
  2 Hell Sentinels (Hell)
  5 Tzitzimimeh
  Rupert (D:13)
  A walking crystal tome (Depths:3)
  25 Orb Guardians
  Jorgrun (Shoals:3)
  14 tentacled monstrosities
  3 walking earthen tomes
  Zenata (Elf:2)
  A quicksilver dragon (shapeshifter) (Vaults:5)
  A tainted leviathan (Hell)
  Asterion (Elf:1)
  7 deep elf blademasters
  Grunn (Depths:4)
  6 quicksilver dragons
  9 liches
  A walking frostbound tome (Depths:4)
  5 deep elf master archers
  2 walking divine tomes
  19 titans
  A kraken (Shoals:3)
  10 death cobs
  14 ancient champions
  Gastronok (Lair:2)
  13 acid blobs
  6 sphinxes
  Frances (D:12)
  A sphinx (shapeshifter) (Depths:4)
  Kirke (Shoals:1)
  18 storm dragons
  Agnes (D:14)
  9 tengu reavers
  10 shadow dragons
  The ghost of gdog the Covert, an adept GnDe of Gozag (Spider:1)
  3 draconian monks
  3 revenants
  Donald (Crypt:1)
  20 fire giants
  12 azure jellies
  A fire giant (shapeshifter) (Vaults:5)
  6 rockslimes
  5 draconian scorchers
  19 frost giants
  2 cacodemons
  16 vault wardens
  Louise (Depths:2)
  A quicksilver elemental (Dis:1)
  8 deep elf sorcerers
  3 draconian knights
  3 imperial myrmidons (Desolation)
  Aizul (Vaults:2)
  4 iron dragons
  2 orc warlords
  6 ghouls (Crypt:1)
  4 deep elf elementalists
  3 emperor scorpions
  10 ghost moths
  A spectral caustic shrike (Tar:2)
  A caustic shrike zombie (Tomb:1)
  18 ironbound preservers
  3 draconian shifters
  17 very ugly things
  5 broodmothers
  6 draconian annihilators
  A draconian stormcaller (Zot:4)
  4 spriggan defenders
  9 reapers
  11 ironbound thunderhulks
  A juggernaut skeleton (Depths:2)
  A caustic shrike skeleton (D:15)
  11 vampire knights
  9 war gargoyles
  5 deep elf demonologists
  38 stone giants
  2 bennus (Tomb:1)
  11 quicksilver oozes
  4 deep elf annihilators
  14 putrid mouths
  8 entropy weavers
  The ghost of Xacrah the Black Belt, a journeyman MeHW of Nemelex Xobeh (Spider:1)
  3 halazid warlocks (Desolation)
  8 yellow draconians
  A dire elephant (Vaults:3)
  9 red draconians
  A spectral titan (Tar:2)
  2 lorocyprocas
  5 black draconians
  7 green draconians
  27 spark wasps
  7 white draconians
  7 purple draconians
  5 crystal guardians
  2 fire dragons (Depths:4)
  5 eidola
  4 mummy priests (Tomb:1)
  2 blizzard demons
  2 jiangshi
  8 merfolk impalers
  Snorg (D:13)
  2 iron golems (Hell)
  9 deep elf death magi
  6 deep elf high priests
  3 merfolk javelineers
  2 spectral quicksilver dragons
  22 ettins
  A spriggan zombie (Crypt:3)
  9 servants of whispers (Desolation)
  10 ragged hierophants (Desolation)
  5 yaktaur captains
  11 hydras
  A hydra (shapeshifter) (Depths:2)
  A hell beast (Hell)
  9 great orbs of eyes
  11 peacekeepers
  A spectral spriggan (Tar:2)
  49 vault guards
  11 ice dragons
  4 spriggan air magi
  5 centaur warriors
  3 merfolk avatars
  A quicksilver dragon skeleton (Crypt:3)
  2 caustic shrike simulacra
  8 boulder beetles
  7 satyrs
  A rakshasa (Depths:2)
  3 jorogumos
  A juggernaut simulacrum (Crypt:1)
  2 ogre magi
  3 alligator snapping turtles
  8 merfolk aquamancers
  4 spectral stone giants
  4 catoblepae
  2 radroaches
  An anaconda (shapeshifter) (D:14)
  21 death scarabs (Tomb:1)
  15 ironbound frosthearts
  5 vampire magi
  34 dancing weapons
  5 death knights
  7 tengu warriors
  20 death yaks
  6 deep troll shamans
  4 two-headed ogres
  2 spectral dire elephants
  6 deep troll earth magi
  2 orc high priests
  8 spriggan berserkers
  2 spriggans (Depths:3)
  2 titan zombies
  4 sun demons
  Urug (Lair:2)
  21 hell knights
  Sonja (D:13)
  2 storm dragon zombies
  3 crystal echidnas (Depths:4)
  4 sixfirhies
  20 skeletal warriors
  9 soul eaters
  A titan skeleton (Hell)
  22 deep elf knights
  2 shadow wraiths
  A spectral minotaur (Tar:1)
  Amaemon (Lair:1)
  A golden dragon zombie (Crypt:3)
  8 iron trolls
  A spectral anaconda (Tar:1)
  2 sun moths (Spider:4)
  4 glowing orange brains
  5 flayed ghosts
  6 sea snakes
  13 orb spiders
  7 pharaoh ants
  7 steelbarb worms
  3 swamp dragons (shapeshifter)
  49 deep trolls
  8 occultists
  3 iron giant skeletons
  3 bog bodies
  17 phantasmal warriors
  An obsidian statue (IceCv)
  36 harpies
  4 lindwurms
  3 orange crystal statues
  21 necromancers
  4 spriggan simulacra (IceCv)
  24 deep elf archers
  2 bunyip skeletons (Crypt:3)
  34 ironbound convokers
  4 orc knights
  An iron dragon zombie (Hell)
  34 deep elf pyromancers
  A lindwurm (shapeshifter) (Vaults:5)
  A spectral ice dragon (Tar:1)
  4 orc sorcerers (Orc:2)
  5 shining eyes
  25 ugly things
  25 deep elf zephyrmancers
  A fire giant zombie (Depths:2)
  18 manticores
  A mana viper (shapeshifter) (Depths:4)
  8 cyclopes
  A salamander (Volcano)
  A wolf spider (shapeshifter) (Vaults:5)
  24 wolf spiders
  A spectral centaur (Tar:1)
  2 toenail golems (Volcano)
  A frost giant zombie (D:15)
  A naga zombie (Tomb:1)
  36 fauns
  17 vault sentinels
  18 moths of wrath
  An ice statue (Hell)
  2 dire elephant zombies (Crypt:3)
  6 black mambas
  2 centaur zombies
  7 water nymphs
  15 merfolk sirens
  3 guardian serpents
  A rust devil (Depths:2)
  A fire giant skeleton (Depths:2)
  21 elephants
  An eye of devastation (Slime:5)
  6 smoke demons
  13 molten gargoyles
  2 storm dragon simulacra (Zot:2)
  A torpor snail (shapeshifter) (Depths:2)
  11 torpor snails
  3 unseen horrors
  A gargoyle (D:14)
  3 orange demons
  A grey draconian zombie (Crypt:1)
  A yellow draconian zombie (Crypt:2)
  A red draconian zombie (Crypt:1)
  A centaur skeleton (Crypt:3)
  7 komodo dragons
  A yaktaur (shapeshifter) (Depths:2)
  3 rime drakes
  12 cane toads
  7 efreet
  4 hellions
  A spectral naga (Tar:2)
  12 demonic crawlers
  7 tormentors
  32 yaktaurs
  2 golden dragon simulacra (IceCv)
  3 anaconda simulacra (IceCv)
  A catoblepas skeleton (Crypt:2)
  19 freezing wraiths
  A kobold demonologist (D:14)
  5 guardian mummies
  3 red devils (Volcano)
  An entropy weaver simulacrum (IceCv)
  6 harpy zombies
  A hellwing (Depths:2)
  3 hydra zombies
  3 spectral harpies
  A tengu conjurer (D:13)
  25 merfolk
  5 wind drakes
  2 ice devils
  3 meliai (Spider:4)
  7 trolls
  A polar bear (Lair:4)
  A hornet (shapeshifter) (Depths:2)
  3 hydra skeletons (Hell)
  2 hornets (Depths:3)
  60 saltlings
  36 tarantellas
  11 blink frogs
  A fire dragon zombie (Crypt:3)
  2 alligator zombies (Hell)
  76 slime creatures
  10 dream sheep
  13 snapping turtles
  54 laughing skulls
  26 culicivoras
  29 jumping spiders
  2 centaur simulacra
  18 water elementals
  3 vampires
  10 wraiths
  An air elemental (Elf:2)
  Eustachio (D:6)
  Sigmund (D:6)
  3 spriggan skeletons
  7 dire elephant simulacra (IceCv)
  A human (Shoals:1)
  69 yaks
  3 wyverns
  A shadow (D:12)
  3 golden eyes
  An ushabti (Tomb:1)
  2 basilisks
  3 hogs (Shoals:1)
  15 fire elementals
  A naga simulacrum (Crypt:1)
  2 basilisks (shapeshifter)
  A yak (shapeshifter) (Elf:3)
  4 vampire mosquitoes (D:12)
  78 redbacks
  A chaos spawn (Depths:2)
  5 wargs
  3 harpy simulacra (IceCv)
  Edmund (D:6)
  18 water moccasins
  8 hell hounds (Volcano)
  4 hydra simulacra (IceCv)
  A glass eye (Depths:4)
  A deep troll skeleton (Crypt:2)
  A water nymph skeleton (Crypt:1)
  A naga skeleton (Crypt:3)
  44 orc warriors
  An ice beast (D:5)
  4 alligator simulacra (IceCv)
  2 moth of wrath simulacra (Zot:2)
  A black bear (shapeshifter) (D:13)
  2 sky beasts
  An ettin simulacrum (Hell)
  A swamp drake (D:5)
  A dream sheep zombie (Crypt:2)
  9 wolves
  6 ogres
  4 boggarts (Vaults:1)
  A torpor snail zombie (Crypt:2)
  A blink frog skeleton (Crypt:1)
  19 centaurs
  A hog skeleton (Crypt:1)
  4 kobold brigands
  3 scorpions
  14 bullfrogs
  7 earth elementals
  7 necrophages
  A troll zombie (Crypt:2)
  12 killer bees
  A lindwurm simulacrum (IceCv)
  A wolf zombie (Crypt:1)
  4 howler monkeys
  A crimson imp (D:13)
  4 jellies
  3 hounds
  31 orc priests
  Crazy Yiuf (D:4)
  Terence (D:3)
  5 iguanas
  29 orc wizards
  7 hell rats (Depths:4)
  12 mummies (Tomb:1)
  Robin (D:3)
  12 gnolls
  6 adders
  2 shadow imps
  2 white imps
  2 ufetubi (D:5)
  2 dart slugs
  84 orcs
  3 ball pythons
  5 endoplasms
  4 giant cockroaches
  11 goblins
  12 hobgoblins
  2 jackals (D:2)
  2 quokkas (D:1)
  4 bats
  A frilled lizard (D:3)
  A gnoll zombie (Crypt:1)
  30 kobolds
  7 rats
  A spectral kobold (D:5)
  A fire vortex (Volcano)
  A tentacle (Shoals:3)
2969 creatures vanquished.

Vanquished Creatures (collateral kills)
  An ice statue (Hell)
  An anaconda simulacrum (Hell)
  A hydra zombie (Hell)
  A sea snake skeleton (Hell)
4 creatures vanquished.

Vanquished Creatures (others)
  A fire giant (Depths:4)
  A draconian knight (Zot:4)
  A ghost moth (Tomb:1)
  A frost giant (Depths:4)
  A draconian annihilator (Zot:5)
  A purple draconian (Hell)
  2 deep elf knights (Elf:3)
  A ghost moth zombie (Tomb:1)
  An orb spider (Spider:4)
  A deep elf zephyrmancer (Elf:1)
  2 deep elf pyromancers
  A freezing wraith (Hell)
  A tengu conjurer (Depths:4)
  A raiju (Hell)
  An elf zombie (Tomb:1)
  A human zombie (Crypt:3)
  A water moccasin (shapeshifter) (Vaults:5)
  An orc (Orc:2)
  11 tentacles (Shoals:3)
31 creatures vanquished.

Grand Total: 3004 creatures vanquished

Notes
Turn   | Place    | Note
-------+----------+-------------------------------------------
     0 | D:1      | Orthodox the Demonspawn Fighter began the quest for the
                  | Orb.
     0 | D:1      | Reached XP level 1. HP: 18/18 MP: 1/1
   225 | D:1      | Gained mutation: A meltable shield of frost defends you.
                  | (SH +4) [demonic ancestry]
   225 | D:1      | Reached XP level 2. HP: 24/24 MP: 2/2
  1507 | D:2      | Gained mutation: You may rarely emit foul miasma when
                  | damaged in melee. [demonic ancestry]
  1507 | D:2      | Reached XP level 3. HP: 29/29 MP: 3/3
  2299 | D:3      | Noticed Terence
  2383 | D:2      | Reached XP level 4. HP: 37/37 MP: 4/4
  2422 | D:2      | Reached skill level 4 in Fighting
  2585 | D:3      | Found a faded altar of an unknown god.
  2948 | D:3      | Killed Terence
  2949 | D:3      | Reached XP level 5. HP: 39/42 MP: 5/5
  3008 | D:3      | Noticed Robin
  3033 | D:3      | Killed Robin
  4108 | D:4      | Found a runed translucent door.
  4109 | D:4      | Noticed Crazy Yiuf
  4245 | D:4      | Gained mutation: You sometimes emit foul miasma when
                  | damaged in melee. [demonic ancestry]
  4245 | D:4      | Reached XP level 6. HP: 50/50 MP: 6/6
  4285 | D:4      | Reached skill level 5 in Fighting
  4360 | D:4      | Found a staircase to the Ecumenical Temple.
  4439 | Temple   | Entered the Ecumenical Temple
  4549 | Temple   | Became a worshipper of Warmaster Okawaru
  5079 | D:4      | Reached skill level 1 in Invocations
  5401 | D:4      | Gained mutation: You are partially covered in icy blue
                  | scales. (AC +2) [demonic ancestry]
  5401 | D:4      | Reached XP level 7. HP: 50/56 MP: 5/8
  5838 | D:5      | Entered Level 5 of the Dungeon
  5864 | D:5      | Reached * piety under Okawaru
  6283 | D:5      | Found a hazy altar of Hepliaklqana.
  6513 | D:5      | Found an opulent altar of Gozag.
  6533 | D:5      | Reached skill level 6 in Fighting
  6533 | D:5      | Reached skill level 5 in Maces & Flails
  7036 | D:5      | Gained mutation: You have a small tail. [demonic ancestry]
  7036 | D:5      | Reached XP level 8. HP: 62/65 MP: 7/10
  7224 | D:4      | Killed Crazy Yiuf
  7385 | D:5      | Reached ** piety under Okawaru
  7487 | D:6      | Reached skill level 7 in Fighting
  7756 | D:6      | Noticed Eustachio
  7857 | D:6      | Killed Eustachio
  8185 | D:6      | Identified the amulet of the Prince {Spirit +Inv rC+ Dex-2}
  8217 | D:6      | Reached skill level 8 in Fighting
  8217 | D:6      | Gained mutation: A meltable icy envelope protects you from
                  | harm. (AC +8) [demonic ancestry]
  8217 | D:6      | Reached XP level 9. HP: 59/74 MP: 10/12
  8222 | D:6      | Reached *** piety under Okawaru
  8542 | D:6      | Noticed Sigmund
  8714 | D:6      | Killed Sigmund
  8819 | D:6      | Reached skill level 5 in Shields
  9036 | D:6      | Noticed Edmund
  9050 | D:6      | Killed Edmund
  9624 | D:7      | Found a shimmering altar of Xom.
  9634 | D:7      | Found a shadowy altar of Dithmenos.
  9816 | D:7      | Reached skill level 9 in Fighting
 11109 | D:8      | Reached **** piety under Okawaru
 11124 | D:8      | Reached XP level 10. HP: 83/83 MP: 13/13
 11921 | D:9      | Identified the +2 chain mail "Alani" {MP+9}
 12212 | D:9      | Reached skill level 10 in Fighting
 12527 | D:10     | Entered Level 10 of the Dungeon
 12646 | D:10     | Noticed a death yak
 12738 | D:10     | Found a staircase to the Orcish Mines.
 13090 | D:10     | Noticed a green ugly thing
 13149 | D:10     | Reached ***** piety under Okawaru
 13162 | D:10     | Reached skill level 11 in Fighting
 13415 | D:10     | Received a gift from Okawaru
 13416 | D:10     | Reached skill level 10 in Maces & Flails
 13496 | D:10     | Noticed a death yak
 13497 | D:10     | Noticed a death yak
 13497 | D:10     | Noticed a death yak
 13953 | D:10     | Noticed a two-headed ogre
 14408 | D:10     | Found a staircase to the Lair.
 14526 | D:10     | Reached XP level 11. HP: 83/93 MP: 12/14
 14612 | D:11     | Noticed a four-headed hydra
 14628 | D:11     | Killed a four-headed hydra
 14688 | D:11     | Reached skill level 5 in Invocations
 15053 | D:10     | Killed a two-headed ogre
 15102 | D:10     | Killed a death yak
 15102 | D:10     | Identified the +4 chain mail "Fazangeh" {rPois rN+ Will-
                  | Int+2} (Okawaru gifted it to you on level 10 of the
                  | Dungeon)
 15102 | D:10     | Received a gift from Okawaru
 15110 | D:10     | Noticed a death yak
 15142 | D:10     | Killed a death yak
 15177 | D:10     | Noticed a death yak
 15183 | D:10     | Killed a death yak
 15184 | D:10     | Reached skill level 12 in Fighting
 15204 | D:9      | Killed a death yak
 15444 | D:10     | Killed a green ugly thing
 15490 | D:10     | Killed a death yak
 15502 | D:10     | Killed a death yak
 16379 | D:11     | Noticed a purple ugly thing
 16391 | D:11     | Killed a purple ugly thing
 16392 | D:11     | Reached XP level 12. HP: 96/103 MP: 16/18
 17060 | D:12     | Identified the +6 chain mail "Erchoin" {Dex+4} (Okawaru
                  | gifted it to you on level 12 of the Dungeon)
 17060 | D:12     | Received a gift from Okawaru
 17061 | D:12     | Reached skill level 13 in Fighting
 17079 | D:12     | Noticed Frances
 17150 | Lair:1   | Entered Level 1 of the Lair of Beasts
 17403 | Lair:1   | Noticed Amaemon
 17470 | Lair:1   | Killed Amaemon
 17565 | Lair:1   | Noticed a death yak
 17565 | Lair:1   | Noticed a death yak
 17569 | Lair:1   | Noticed a death yak
 17601 | D:10     | Killed a death yak
 17602 | D:10     | Reached skill level 10 in Invocations
 17606 | D:10     | Killed a death yak
 17621 | Lair:1   | Killed a death yak
 17785 | Lair:1   | Noticed a five-headed hydra
 17793 | Lair:1   | Killed a five-headed hydra
 17908 | Lair:1   | Noticed a seven-headed hydra
 17921 | Lair:1   | Killed a seven-headed hydra
 19017 | Lair:2   | Noticed Urug
 19041 | Lair:2   | Killed Urug
 19129 | Lair:2   | Reached skill level 14 in Fighting
 19223 | Lair:2   | Reached XP level 13. HP: 95/113 MP: 16/21
 19477 | Lair:2   | Noticed Gastronok
 19551 | Lair:2   | Killed Gastronok
 19726 | Lair:2   | Received a gift from Okawaru
 20181 | Lair:2   | Identified 2 scrolls of acquirement
 20182 | Lair:2   | Acquired a +2 tower shield of cold resistance
 20183 | Lair:2   | Acquired the ring of Deuniv {Will+ SInv}
 20309 | Lair:2   | Found a staircase to the Shoals.
 21138 | Lair:3   | Acquired the +0 helmet "Messus Peys" {+Blink Will+}
 21352 | Lair:3   | Identified the +7 chain mail "Emeh" {Will+ Dex+3 Stlth+}
                  | (Okawaru gifted it to you on level 3 of the Lair of Beasts)
 21352 | Lair:3   | Received a gift from Okawaru
 21541 | Lair:3   | You fall into a shaft and drop 2 floors!
 21541 | Lair:5   | Entered Level 5 of the Lair of Beasts
 21883 | Lair:5   | Reached skill level 15 in Fighting
 21883 | Lair:5   | Reached skill level 5 in Armour
 22002 | Lair:5   | Found a staircase to the Slime Pits.
 22690 | Lair:5   | Gained mutation: You have a tail ending in a sharp stinger.
                  | [demonic ancestry]
 22690 | Lair:5   | Reached XP level 14. HP: 98/123 MP: 13/22
 22929 | Lair:5   | Received a gift from Okawaru
 23845 | Lair:5   | Identified the ring "Doubiz" {rN+ Int+5}
 24024 | Lair:5   | Received a gift from Okawaru
 24176 | Lair:3   | Identified the +1 hand axe of Zibani {flame, Int+7 Dex-3}
 24344 | Lair:3   | Found a hole to the Spider Nest.
 25547 | Lair:4   | Reached skill level 16 in Fighting
 26051 | Lair:4   | Reached ****** piety under Okawaru
 26223 | Lair:4   | Received a gift from Okawaru
 26745 | D:12     | Killed Frances
 27171 | D:12     | Found a shimmering altar of Xom.
 27384 | D:13     | Reached skill level 15 in Maces & Flails
 27399 | D:13     | Noticed Snorg
 27635 | D:13     | Killed Snorg
 27796 | D:13     | Noticed Sonja
 27805 | D:13     | Killed Sonja
 27977 | D:13     | Noticed Rupert
 28048 | Orc:1    | Entered Level 1 of the Orcish Mines
 28063 | Orc:2    | Entered Level 2 of the Orcish Mines
 28141 | Orc:1    | Found a dark tunnel.
 28148 | Volcano  | Entered a volcano
 28191 | Volcano  | Reached XP level 15. HP: 129/130 MP: 20/23
 30700 | Orc:2    | Noticed an orc warlord
 30887 | Orc:1    | Killed an orc warlord
 30990 | Orc:2    | Reached skill level 17 in Fighting
 30998 | Orc:2    | Found Burut's Magic Scroll Shoppe.
 31162 | Orc:2    | Bought a scroll of enchant armour for 82 gold pieces
 31162 | Orc:2    | Bought a scroll of teleportation for 33 gold pieces
 31162 | Orc:2    | Bought a scroll of silence for 104 gold pieces
 31216 | Orc:2    | Found a staircase to the Elven Halls.
 31919 | Orc:2    | Found Itass's Antique Weapon Shoppe.
 32074 | Orc:2    | Noticed Saint Roka
 32083 | Arena    | Entered the Arena
 32097 | Arena    | Killed Saint Roka
 32097 | Arena    | Received a gift from Okawaru
 32312 | Orc:2    | Found Koethraj's Antique Weapon Shoppe.
 32585 | Orc:2    | Found Duzxoan's Antique Armour Emporium.
 32600 | Orc:2    | Bought a polished helmet for 304 gold pieces
 32600 | Orc:2    | Identified the +3 helmet of Gyinikokul {rC- Str+4} (You
                  | bought it in a shop on level 2 of the Orcish Mines)
 33063 | D:13     | Killed Rupert
 33071 | D:13     | Received a gift from Okawaru
 33449 | D:14     | Reached skill level 1 in Dodging
 33536 | D:14     | Upgraded the game from 0.29-a0-876-gfc89b1a5bd to
                  | 0.29-a0-878-g7b45a56547
 34178 | D:14     | Received a gift from Okawaru
 34671 | D:14     | Found a gate to the Vaults.
 34733 | D:14     | Gained mutation: You are mostly covered in icy blue scales.
                  | (AC +3) [demonic ancestry]
 34733 | D:14     | Reached XP level 16. HP: 95/143 MP: 19/24
 35043 | D:15     | Entered Level 15 of the Dungeon
 35155 | D:15     | Noticed Zyben's ghost (journeyman GrEE)
 35308 | D:15     | Noticed Agnes
 35327 | D:14     | Killed Agnes
 35800 | D:15     | Received a gift from Okawaru
 35801 | D:15     | Reached skill level 10 in Shields
 36000 | D:15     | Found a staircase to the Depths.
 36299 | D:15     | Noticed Roxanne
 36345 | D:15     | Reached skill level 18 in Fighting
 36419 | D:15     | Found a transporter.
 36600 | D:15     | Found a transporter.
 37600 | Spider:1 | Entered Level 1 of the Spider Nest
 38226 | Spider:1 | Reached skill level 5 in Dodging
 38770 | Spider:1 | Found a runed translucent gate.
 38770 | Spider:1 | Found a runed translucent gate.
 38770 | Spider:1 | Found a runed translucent gate.
 38776 | Spider:1 | Noticed gdog's ghost (adept GnDe)
 38776 | Spider:1 | Noticed Xacrah's ghost (journeyman MeHW)
 38898 | Spider:1 | Received a gift from Okawaru
 40534 | Spider:1 | Killed gdog's ghost
 40539 | Spider:1 | Killed Xacrah's ghost
 40621 | Spider:1 | Identified the ring of Zoyd Kuw {Wiz Stlth+}
 41054 | Spider:2 | You are sucked into a shaft and drop 1 floor!
 41196 | Spider:2 | Upgraded the game from 0.29-a0-878-g7b45a56547 to
                  | 0.29-a0-885-gb26ba3297d
 41367 | Spider:2 | Reached XP level 17. HP: 137/151 MP: 21/25
 41625 | Spider:2 | Identified the +4 pair of boots of Luwkast {Stlth+}
                  | (Okawaru gifted it to you on level 2 of the Spider Nest)
 41625 | Spider:2 | Received a gift from Okawaru
 44001 | Spider:3 | Identified the +1 scale mail "Methrog" {Harm}
 44296 | Spider:3 | Reached skill level 19 in Fighting
 44690 | Spider:4 | Entered Level 4 of the Spider Nest
 44783 | Spider:4 | Found a frozen archway.
 44799 | IceCv    | Entered an ice cave
 45577 | IceCv    | Received a gift from Okawaru
 45694 | IceCv    | Found an ancient bone altar of Kikubaaqudgha.
 46553 | IceCv    | Noticed a lich
 46564 | IceCv    | Killed a lich
 46667 | IceCv    | Gained mutation: You sometimes lose your temper in combat.
                  | [a neqoxec]
 46670 | IceCv    | Gained mutation: You are frail. (-10% HP) [a neqoxec]
 46969 | IceCv    | Lost mutation: You sometimes lose your temper in combat.
                  | [potion of mutation]
 46969 | IceCv    | Lost mutation: You are frail. (-10% HP) [potion of
                  | mutation]
 46969 | IceCv    | Gained mutation: Your flesh is cold resistant. (rC+)
                  | [potion of mutation]
 46969 | IceCv    | Gained mutation: You have a beak for a mouth. [potion of
                  | mutation]
 46969 | IceCv    | Gained mutation: Your natural rate of healing is unusually
                  | fast. [potion of mutation]
 47426 | Spider:4 | Reached skill level 10 in Armour
 47897 | Spider:4 | Identified the +2 pair of boots of Arujammo {rC+ Will+}
                  | (Okawaru gifted it to you on level 4 of the Spider Nest)
 47897 | Spider:4 | Received a gift from Okawaru
 48071 | Spider:4 | Gained mutation: A meltable icy envelope protects you from
                  | harm. (AC +8) [demonic ancestry]
 48071 | Spider:4 | Reached XP level 18. HP: 160/160 MP: 3/26
 48298 | Spider:4 | Noticed Arachne
 48305 | Spider:4 | Upgraded the game from 0.29-a0-885-gb26ba3297d to
                  | 0.29-a0-887-gcbe080d7e0
 48695 | Spider:4 | Killed Arachne
 49331 | Spider:4 | Got a gossamer rune of Zot
 49594 | Shoals:1 | Entered Level 1 of the Shoals
 49766 | Shoals:1 | Noticed Kirke
 49784 | Shoals:1 | Killed Kirke
 49831 | Shoals:1 | Reached skill level 20 in Fighting
 49836 | Shoals:1 | Reached skill level 10 in Dodging
 50075 | Shoals:1 | Received a gift from Okawaru
 50404 | Shoals:1 | Received a gift from Okawaru
 50666 | Shoals:1 | Found Vusk's Weapon Shoppe.
 51810 | Shoals:2 | Received a gift from Okawaru
 52230 | Shoals:3 | Found Irekkogriy's Armour Shoppe.
 52242 | Shoals:3 | Bought a +1 cloak of stealth for 264 gold pieces
 52728 | Shoals:3 | Noticed Mara
 52983 | Shoals:3 | Noticed Jorgrun
 53017 | Shoals:3 | Killed Jorgrun
 53018 | Shoals:3 | Gained mutation: You have a sharp stinger which inflicts
                  | weakening toxins. [demonic ancestry]
 53018 | Shoals:3 | Reached XP level 19. HP: 154/170 MP: 16/27
 53666 | Shoals:4 | Entered Level 4 of the Shoals
 53732 | Shoals:4 | Received a gift from Okawaru
 53931 | Shoals:4 | Acquired the +0 hat of Zuebisko {rElec}
 53994 | Shoals:4 | Identified the +9 great sword of Insufficient Pleasure
                  | {vamp, Fragile rN+++ Will+ Str-3}
 54888 | Shoals:4 | Got a barnacled rune of Zot
 55169 | Elf:1    | Entered Level 1 of the Elven Halls
 55945 | Elf:1    | Reached skill level 21 in Fighting
 56426 | Elf:1    | Found Nam Vazu's Armour Shoppe.
 56902 | Elf:2    | Noticed Asterion
 56924 | Elf:1    | Killed Asterion
 57106 | Elf:2    | Identified the +7 flail of the Spinneret {pain, rElec rPois
                  | Dex+2} (Okawaru gifted it to you on level 2 of the Elven
                  | Halls)
 57106 | Elf:2    | Received a gift from Okawaru
 57284 | Elf:2    | Paralysed by an air elemental for 1 turns
 57318 | Elf:2    | Noticed Zenata
 57377 | Elf:2    | Killed Zenata
 57430 | Elf:2    | Found a runed translucent gate.
 57430 | Elf:2    | Found a runed translucent gate.
 57442 | Elf:2    | Found a runed translucent gate.
 57832 | Arena    | Entered the Arena
 58165 | Elf:2    | Gained mutation: You punish those that try to bend your
                  | will. (Will+) [demonic ancestry]
 58165 | Elf:2    | Reached XP level 20. HP: 133/180 MP: 18/29
 58612 | Elf:2    | Identified the +3 crystal plate armour of Faicyik {Dex+3}
                  | (Okawaru gifted it to you on level 2 of the Elven Halls)
 58612 | Elf:2    | Received a gift from Okawaru
 58843 | Elf:3    | Entered Level 3 of the Elven Halls
 59346 | Elf:3    | Found a portal to a secret trove of treasure.
 61233 | Elf:3    | Identified the ring of the Resonant God {+Blink rF+ Dex+2
                  | SInv}
 61403 | Elf:3    | Got Zixtuth's Exposition on the Shifting Legion
 61404 | Elf:3    | Identified the +11 dire flail "Neta" {spect, rF+ rN+}
 61447 | Elf:3    | Got Sif Muna's Codex of Shaping and Intoxication
 61738 | Vaults:1 | Entered Level 1 of the Vaults
 61984 | Vaults:1 | Identified the +10 mace of Vaptugus {elec, rPois Int+5}
                  | (Okawaru gifted it to you on level 1 of the Vaults)
 61984 | Vaults:1 | Received a gift from Okawaru
 62019 | Vaults:1 | Reached skill level 22 in Fighting
 62377 | Vaults:1 | Identified the +2 great sword of Discord {vorpal, Str+4}
 62845 | Vaults:1 | Identified the +2 arbalest of the Weak God {flame, rCorr}
 63224 | Vaults:2 | Received a gift from Okawaru
 63428 | Vaults:2 | Gained mutation: You frequently emit foul miasma when
                  | damaged in melee. [demonic ancestry]
 63428 | Vaults:2 | Reached XP level 21. HP: 173/189 MP: 31/31
 63477 | Vaults:2 | Found Qatt's Weapon Boutique.
 63478 | Vaults:2 | Noticed Aizul
 63479 | Vaults:2 | Found Jeshril's Weapon Emporium.
 63617 | Vaults:2 | Found Asyf's Weapon Emporium.
 63621 | Vaults:2 | Found a transporter.
 63622 | Vaults:2 | Bought a throwing net for 30 gold pieces
 63624 | Vaults:2 | Noticed Tang's ghost (master DsGl)
 63625 | Vaults:2 | Identified the +1 great mace "Hiqotaq" {flame, rC+ rN+
                  | Int+3}
 63735 | Vaults:2 | Killed Aizul
 64876 | Vaults:2 | Found a gateway to a bazaar.
 64881 | Bazaar   | Entered a bazaar
 64885 | Bazaar   | Found Zerhostry's Weapon Boutique.
 64907 | Bazaar   | Found Ovafif's Antique Armour Emporium.
 64928 | Bazaar   | Found Plog's Book Boutique.
 64948 | Bazaar   | Found Otoprulaim's Antique Weapon Shoppe.
 64960 | Bazaar   | Bought a manual of Fighting for 960 gold pieces
 64976 | Bazaar   | Bought a warped morningstar for 207 gold pieces
 64976 | Bazaar   | Identified the +3 morningstar of Patience {antimagic, Str+4
                  | Int+7} (You bought it in a shop in a bazaar)
 65183 | Vaults:2 | Found a transporter.
 65454 | Vaults:3 | Reached skill level 23 in Fighting
 65454 | Vaults:3 | Gained mutation: You are completely covered in icy blue
                  | scales. (AC +4, rC+) [demonic ancestry]
 65454 | Vaults:3 | Reached XP level 22. HP: 200/200 MP: 32/32
 65683 | Vaults:3 | Identified the +5 dire flail "Powao" {drain, Will+ Int+3}
                  | (Okawaru gifted it to you on level 3 of the Vaults)
 65683 | Vaults:3 | Received a gift from Okawaru
 66084 | Arena    | Entered the Arena
 66506 | Vaults:3 | Found a staircase to the Crypt.
 66775 | Vaults:3 | Reached skill level 24 in Fighting
 66878 | Vaults:3 | You fall into a shaft and drop 1 floor!
 67000 | Vaults:4 | Identified the +1 hat of the Bruised Stories {rElec rPois
                  | rC+ Dex-3 SInv} (Okawaru gifted it to you on level 4 of the
                  | Vaults)
 67000 | Vaults:4 | Received a gift from Okawaru
 67177 | Vaults:4 | Found a crumbling gateway.
 67198 | Desolati | Entered the Desolation of Salt
 67400 | Desolati | Got the Volume of the Viperous Impact
 67403 | Desolati | Got the Spellbook of Malediction
 67405 | Desolati | Identified the +5 ring mail "Xahi Amo" {Regen+ Int+5 Dex+3}
 67407 | Desolati | Got Dinamim's Essays on the Earthen Glacier
 67833 | Desolati | Reached skill level 15 in Invocations
 68014 | Desolati | Reached XP level 23. HP: 211/211 MP: 32/34
 68204 | Desolati | Identified the +10 sling "Motwasa" {freeze, rF- rN+ SInv}
 68601 | Desolati | Identified the +6 longbow of Imbalance {vorpal, rC+ Stlth+}
 68612 | Desolati | Got the Grimoire of Gloom
 68621 | Desolati | Learned a level 5 spell: Silence
 68906 | Vaults:4 | Reached skill level 25 in Fighting
 69515 | Vaults:4 | Reached skill level 1 in Hexes
 69534 | Vaults:4 | Reached skill level 1 in Air Magic
 69609 | Vaults:4 | Received a gift from Okawaru
 70427 | Depths:1 | Entered Level 1 of the Depths
 70454 | Depths:1 | Found a radiant altar of Vehumet.
 70792 | Depths:1 | Reached skill level 15 in Shields
 70952 | Depths:1 | Found a gateway to Hell.
 71349 | Depths:2 | Found a one-way gateway to a ziggurat.
 71686 | Depths:2 | Found a one-way gate to the infinite horrors of the Abyss.
 71686 | Depths:2 | Noticed Louise
 71701 | Depths:2 | Killed Louise
 71785 | Depths:2 | Found a one-way gate leading to the halls of Pandemonium.
 72013 | Depths:2 | Identified the +2 demon trident of Conformity {elec, Fly
                  | rElec rPois rF-} (Okawaru gifted it to you on level 2 of
                  | the Depths)
 72013 | Depths:2 | Received a gift from Okawaru
 72828 | Depths:3 | Identified the +6 chain mail "Temeur" {rC+ rN+ Dex+3}
 72906 | Depths:3 | Found Ciotiuck's Antique Weapon Shoppe.
 73159 | Depths:3 | Gained mutation: You are resistant to unholy torment.
                  | [demonic ancestry]
 73159 | Depths:3 | Reached XP level 24. HP: 215/220 MP: 34/34
 73260 | Depths:3 | Noticed a juggernaut
 73278 | Depths:3 | Killed a juggernaut
 73286 | Depths:3 | Received a gift from Okawaru
 73291 | Depths:3 | Identified the +0 ring mail of Osmeqaem {Int+3 Slay+2}
 73327 | Depths:3 | Reached skill level 15 in Armour
 74438 | Elf:3    | You paid a toll of +2 storm dragon scales to enter a
                  | treasure trove
 74439 | Trove    | Entered a treasure trove
 74442 | Trove    | Found the +9 staff of Wucad Mu {*channel}
 74459 | Trove    | Identified the +5 mace of Faphuu Dabi {elec, rElec Str-5
                  | Int+8}
 74460 | Trove    | Identified the +6 long sword of Perfectionism {flame, rPois
                  | rC+ rN+ MP+9}
 74461 | Trove    | Identified the +8 battleaxe "Ogatz" {vamp, rF++ Will++
                  | Dex-5}
 74462 | Trove    | Identified the +4 falchion of Crystal {freeze, rElec rF-
                  | rN+}
 74891 | Hell     | Entered the Vestibule of Hell
 74891 | Hell     | Noticed Geryon
 74900 | Depths:4 | Entered Level 4 of the Depths
 75029 | Depths:4 | Noticed Grunn
 75339 | Depths:3 | Reached skill level 5 in Hexes
 75689 | Arena    | Entered the Arena
 75990 | Depths:4 | Killed Grunn
 76274 | Depths:4 | Found an iron altar of Okawaru.
 76274 | Depths:4 | Noticed Mennas
 76322 | Depths:4 | Killed Mennas
 76339 | Depths:4 | Reached skill level 5 in Air Magic
 76478 | Depths:4 | Noticed a juggernaut
 76504 | Depths:4 | Killed a juggernaut
 76556 | Depths:4 | Found a gate to the Realm of Zot.
 76666 | Depths:4 | Found an ancient bone altar of Kikubaaqudgha.
 77071 | Depths:4 | Identified the +5 kite shield of Quantum Leap {Will+}
                  | (Okawaru gifted it to you on level 4 of the Depths)
 77071 | Depths:4 | Received a gift from Okawaru
 77132 | Arena    | Entered the Arena
 77257 | Depths:4 | Paralysed by a floating eye for 3 turns
 77908 | Depths:4 | Noticed a juggernaut
 77934 | Depths:4 | Killed a juggernaut
 77935 | Depths:4 | Gained mutation: You can hurl damnation. [demonic ancestry]
 77935 | Depths:4 | Reached XP level 25. HP: 227/227 MP: 34/34
 78086 | Depths:4 | Identified the +4 broad axe "Ciuhyboc" {flame, Fly rN+
                  | Int+2}
 78355 | Depths:4 | Upgraded the game from 0.29-a0-887-gcbe080d7e0 to
                  | 0.29-a0-892-g2c4c91d9db
 78650 | Vaults:5 | Entered Level 5 of the Vaults
 78652 | Vaults:5 | Noticed Frederick
 78660 | Vaults:5 | Killed Frederick
 78701 | Vaults:5 | Reached skill level 1 in Evocations
 78996 | Vaults:5 | Noticed Margery
 79052 | Vaults:5 | Killed Margery
 79493 | Vaults:5 | Got a silver rune of Zot
 79762 | Vaults:5 | Found Gamuaxzam's Jewellery Shoppe.
 79834 | Vaults:5 | Identified the +3 quarterstaff of Vuextez {elec, Contam
                  | Int+3 SInv Stlth+} (Okawaru gifted it to you on level 5 of
                  | the Vaults)
 79834 | Vaults:5 | Received a gift from Okawaru
 79865 | Vaults:5 | Bought the ring of Hepliaklqana's Whim {rElec rC+ rN+ Will-
                  | Slay+4} for 1485 gold pieces
 79936 | Vaults:5 | Found Zaecs's Antique Weapon Shoppe.
 80162 | Vaults:5 | Found Avelial's Jewellery Shop.
 80209 | Vaults:5 | Identified the +9 falchion "Orb Guardian's Doom" {flame,
                  | Dex+3}
 80320 | Vaults:5 | Found Iteaphuh's Magic Scroll Boutique.
 80325 | Vaults:5 | Bought a scroll of brand weapon for 180 gold pieces
 80325 | Vaults:5 | Bought a scroll of silence for 180 gold pieces
 80325 | Vaults:5 | Bought a scroll of teleportation for 57 gold pieces
 80325 | Vaults:5 | Bought a scroll of blinking for 142 gold pieces
 80339 | Vaults:5 | Found Yvyryqer's Distillery.
 80356 | Vaults:5 | Bought a potion of mutation for 144 gold pieces
 80356 | Vaults:5 | Bought a potion of curing for 54 gold pieces
 80356 | Vaults:5 | Bought 2 potions of heal wounds for 180 gold pieces
 80367 | Vaults:5 | Found Heaneus's Distillery.
 80372 | Vaults:5 | Bought a potion of haste for 130 gold pieces
 80372 | Vaults:5 | Bought a potion of haste for 130 gold pieces
 80372 | Vaults:5 | Bought a potion of haste for 130 gold pieces
 80372 | Vaults:5 | Bought a potion of haste for 130 gold pieces
 80999 | Zot:1    | Entered Level 1 of the Realm of Zot
 81051 | Depths:4 | Reached skill level 5 in Evocations
 81762 | Zot:1    | Reached XP level 26. HP: 235/235 MP: 34/34
 81887 | Zot:1    | Identified the +5 spear "Eviscerator" {freeze, rElec rN+
                  | Dex-2}
 82138 | Zot:2    | Identified the ring of Weost {Ice Int+7 Slay+6 SInv}
 82138 | Zot:2    | Noticed Josephina
 82190 | Zot:1    | Killed Josephina
 82297 | Zot:2    | Received a gift from Okawaru
 82535 | Zot:2    | Noticed an orb of fire
 82595 | Zot:2    | Killed an orb of fire
 83810 | Zot:3    | Received a gift from Okawaru
 84114 | Zot:3    | Noticed Parghit
 84578 | Zot:2    | Killed Parghit
 84836 | Zot:3    | Identified the +7 sling "Moiwnugapt" {vorpal, Will- Int+5
                  | Dex+3}
 85231 | Zot:3    | Identified the +0 chain mail of Xuvof {Dex+6}
 85326 | Zot:3    | You fall into a shaft and drop 1 floor!
 85908 | Zot:4    | Found a runed translucent door.
 85909 | Zot:4    | Found a shimmering altar of Xom.
 85909 | Zot:4    | Noticed Kawoqao's ghost (legendary MiBe)
 86833 | Zot:4    | Gained mutation: Your system is resistant to poisons.
                  | (rPois) [mutagenic glow]
 86861 | Zot:4    | Gained mutation: You sometimes lose your temper in combat.
                  | [mutagenic glow]
 86881 | Zot:4    | Gained mutation: You have hidden genetic defects.
                  | [mutagenic glow]
 86890 | Zot:4    | Lost mutation: You have a beak for a mouth. [potion of
                  | mutation]
 86890 | Zot:4    | Lost mutation: Your natural rate of healing is unusually
                  | fast. [potion of mutation]
 86890 | Zot:4    | Gained mutation: Your flesh is heat resistant. (rF+)
                  | [potion of mutation]
 86891 | Zot:4    | Lost mutation: Your flesh is heat resistant. (rF+) [potion
                  | of mutation]
 86891 | Zot:4    | Lost mutation: You sometimes lose your temper in combat.
                  | [potion of mutation]
 86891 | Zot:4    | Gained mutation: You occasionally shout uncontrollably at
                  | your foes. [potion of mutation]
 86891 | Zot:4    | Lost mutation: Your flesh is cold resistant. (rC+) [potion
                  | of mutation]
 86891 | Zot:4    | Gained mutation: You have a pair of small horns on your
                  | head. [potion of mutation]
 86892 | Zot:4    | Lost mutation: You have a pair of small horns on your head.
                  | [potion of mutation]
 86892 | Zot:4    | Lost mutation: You have hidden genetic defects. [potion of
                  | mutation]
 86892 | Zot:4    | Lost mutation: Your system is resistant to poisons. (rPois)
                  | [potion of mutation]
 86892 | Zot:4    | Gained mutation: You occasionally lose the ability to drink
                  | potions when taking damage. [potion of mutation]
 86892 | Zot:4    | Gained mutation: You have hidden genetic potential. [potion
                  | of mutation]
 86893 | Zot:4    | Lost mutation: You have hidden genetic potential. [potion
                  | of mutation]
 86893 | Zot:4    | Lost mutation: You occasionally lose the ability to drink
                  | potions when taking damage. [potion of mutation]
 86893 | Zot:4    | Gained mutation: You are dopey. (Int -2) [potion of
                  | mutation]
 86894 | Zot:4    | Lost mutation: You are dopey. (Int -2) [potion of mutation]
 86894 | Zot:4    | Lost mutation: You occasionally shout uncontrollably at
                  | your foes. [potion of mutation]
 86894 | Zot:4    | Gained mutation: Your spells are a little easier to cast,
                  | but a little less powerful. [potion of mutation]
 86896 | Zot:4    | Gained mutation: You do not regenerate when monsters are
                  | visible. [mutagenic glow]
 86909 | Zot:4    | Lost mutation: You do not regenerate when monsters are
                  | visible. [potion of mutation]
 86909 | Zot:4    | Lost mutation: Your spells are a little easier to cast, but
                  | a little less powerful. [potion of mutation]
 86909 | Zot:4    | Gained mutation: You possess an exceptional clarity of
                  | mind. [potion of mutation]
 87481 | Zot:5    | Entered Level 5 of the Realm of Zot
 87782 | Zot:5    | Reached skill level 10 in Hexes
 88429 | Zot:5    | Identified the +8 chain mail of Duty {Dex+4}
 88589 | Zot:5    | Noticed a dread lich
 88590 | Zot:5    | Noticed an ancient lich
 88591 | Arena    | Entered the Arena
 88638 | Zot:5    | Killed a dread lich
 88639 | Zot:5    | Noticed an orb of fire
 88646 | Zot:5    | Noticed a dread lich
 88650 | Zot:5    | Killed an ancient lich
 88650 | Zot:5    | Noticed a dread lich
 88664 | Zot:5    | Gained mutation: Your body sometimes deteriorates upon
                  | taking damage. [an orb of fire]
 88683 | Zot:5    | Noticed an ancient lich
 88685 | Zot:5    | Lost mutation: You possess an exceptional clarity of mind.
                  | [an orb of fire]
 88685 | Zot:5    | Gained mutation: Armour fits poorly on your strangely
                  | shaped body. [an orb of fire]
 88686 | Zot:5    | Killed an orb of fire
 88688 | Zot:5    | Noticed a dread lich
 88688 | Zot:5    | Noticed an orb of fire
 89084 | Zot:4    | Received a gift from Okawaru
 89371 | Zot:4    | Killed a dread lich
 89494 | Zot:4    | Gained mutation: Your mind is acute. (Int +4, Str/Dex -1)
                  | [an orb of fire]
 89509 | Zot:4    | Gained mutation: You occasionally lose the ability to read
                  | scrolls when taking damage. [an orb of fire]
 89524 | Zot:4    | Killed an orb of fire
 89525 | Zot:4    | Lost mutation: Your mind is acute. (Int +4, Str/Dex -1)
                  | [potion of mutation]
 89525 | Zot:4    | Lost mutation: You occasionally lose the ability to read
                  | scrolls when taking damage. [potion of mutation]
 89525 | Zot:4    | Gained mutation: You possess an exceptional clarity of
                  | mind. [potion of mutation]
 89525 | Zot:4    | Gained mutation: Your movements are slightly less
                  | encumbered by armour. (ER -2) [potion of mutation]
 89525 | Zot:4    | Gained mutation: You are agile. (Dex +4, Str/Int -1)
                  | [potion of mutation]
 89785 | Zot:5    | Killed an ancient lich
 89824 | Arena    | Entered the Arena
 89832 | Arena    | Killed a dread lich
 89833 | Arena    | Reached XP level 27. HP: 162/242 MP: 5/34
 90818 | Zot:4    | Reached skill level 10 in Air Magic
 90962 | Zot:5    | Received a gift from Okawaru
 90963 | Zot:5    | Noticed a dread lich
 90988 | Zot:4    | Killed a dread lich
 91107 | Zot:5    | Noticed a dread lich
 91141 | Zot:5    | Killed a dread lich
 91219 | Zot:4    | Killed a dread lich
 91406 | Zot:4    | Received a gift from Okawaru
 92822 | Zot:5    | Upgraded the game from 0.29-a0-892-g2c4c91d9db to
                  | 0.29-a0-919-gd064cfad1c
 93443 | Slime:1  | Entered Level 1 of the Pits of Slime
 94294 | Slime:3  | Lost mutation: You are agile. (Dex +4, Str/Int -1) [a
                  | shining eye]
 95493 | Slime:5  | Entered Level 5 of the Pits of Slime
 95570 | Slime:5  | Upgraded the game from 0.29-a0-919-gd064cfad1c to
                  | 0.29-a0-1052-g6990b1bffc
 95614 | Slime:5  | Upgraded the game from 0.29-a0-1052-g6990b1bffc to
                  | 0.30-a0-305-g026cb31310
 95635 | Slime:5  | Noticed the Royal Jelly
 95858 | Slime:4  | Reached skill level 1 in Spellcasting
 95958 | Slime:5  | Found a viscous altar of Jiyva.
 95978 | Slime:5  | Identified the +7 morningstar "Jaklul" {vorpal, Int+5}
                  | (Okawaru gifted it to you on level 5 of the Pits of Slime)
 95978 | Slime:5  | Received a gift from Okawaru
 96036 | Slime:5  | Gained mutation: You do not regenerate when monsters are
                  | visible. [a shining eye]
 96210 | Slime:5  | Killed the Royal Jelly
 96289 | Slime:5  | Identified the +0 leather armour "Zyedghat" {rC+ rN+
                  | Stlth-}
 96296 | Slime:5  | Identified the +1 scale mail "Gagip" {Str+2}
 96320 | Slime:5  | Identified the ring "Xoquos" {rElec rPois rC- Int+2 Dex+6}
 96334 | Slime:5  | Identified the +3 leather armour of Diobbuag {Str+4 Stlth+}
 96340 | Slime:5  | Identified the +5 falchion of Charming Misery {flame,
                  | Dex+4}
 96342 | Slime:5  | Got a slimy rune of Zot
 96372 | Slime:5  | Identified the +5 ring mail of the Trout {-Cast rC+++ rCorr
                  | Str-4}
 96385 | Slime:5  | Got the Folio of Earth and Conjuration
 96854 | Temple   | Fell from the grace of Okawaru
 96854 | Temple   | Became a worshipper of Kikubaaqudgha
 96860 | Temple   | Learned a level 4 spell: Dispel Undead
 97177 | Vaults:3 | Reached skill level 1 in Necromancy
 97199 | Vaults:3 | Learned a level 7 spell: Haunt
 97297 | Crypt:1  | Entered Level 1 of the Crypt
 98243 | Crypt:1  | Reached skill level 5 in Necromancy
 98536 | Vaults:3 | Reached * piety under Kikubaaqudgha
 98536 | Vaults:3 | Received a gift from Kikubaaqudgha
 98607 | Crypt:1  | Acquired the +3 pair of gauntlets of War {Slay+5}
 98607 | Crypt:1  | Found the +3 pair of gauntlets of War {Slay+5}
 98966 | Crypt:1  | Reached skill level 5 in Spellcasting
 98974 | Crypt:1  | Noticed Donald
 98990 | Crypt:1  | Killed Donald
 99470 | Crypt:1  | Reached ** piety under Kikubaaqudgha
 99896 | Crypt:2  | Reached skill level 10 in Necromancy
100332 | Crypt:2  | Noticed Jory
100353 | Crypt:2  | Killed Jory
100908 | Crypt:2  | Reached *** piety under Kikubaaqudgha
100908 | Crypt:2  | Received a gift from Kikubaaqudgha
101480 | Crypt:3  | Entered Level 3 of the Crypt
101668 | Crypt:3  | Learned a level 4 spell: Animate Dead
101674 | Crypt:3  | Learned a level 5 spell: Agonizing Touch
101872 | Crypt:3  | Noticed Xtahua
101874 | Crypt:3  | Reached **** piety under Kikubaaqudgha
101874 | Crypt:3  | Killed Xtahua
102275 | Crypt:3  | Noticed an ancient lich
102302 | Crypt:3  | Killed an ancient lich
102601 | Crypt:3  | Identified the ring of Liberty {*Slow rPois rN+ Will+ Int+3
                  | Dex+4}
102604 | Crypt:3  | Found an ancient bone altar of Kikubaaqudgha.
102637 | Crypt:3  | Was forgiven by Okawaru
102691 | Crypt:3  | Identified the ring of Osennaus {rN+ Dex+7}
102694 | Crypt:3  | Identified the +9 plate armour "Puistuku" {Drain rF++ rN++}
102782 | Crypt:3  | Found a staircase to the Tomb.
102947 | Crypt:3  | Reached ***** piety under Kikubaaqudgha
104302 | Depths:4 | Reached skill level 15 in Necromancy
105842 | Hell     | Killed Geryon
106306 | Hell     | Gained mutation: Your magical capacity is low. (-10% MP) [a
                  | cacodemon]
106587 | Hell     | Found a gateway to the decaying netherworld of Tartarus.
106623 | Hell     | Found a gateway to the ashen valley of Gehenna.
106690 | Hell     | Found a gateway to the Iron City of Dis.
106751 | Hell     | Found a gateway to the freezing wastes of Cocytus.
107295 | Tomb:1   | Entered Level 1 of the Tomb of the Ancients
107446 | Tomb:1   | Reached ****** piety under Kikubaaqudgha
107525 | Tomb:1   | Noticed a royal mummy
107539 | Tomb:1   | Killed a royal mummy
107939 | Tomb:1   | Noticed a royal mummy
107988 | Tomb:1   | Killed a royal mummy
108480 | Tomb:1   | Received a gift from Kikubaaqudgha
109501 | Tar:1    | Entered Level 1 of Tartarus
109837 | Depths:3 | Lost mutation: You do not regenerate when monsters are
                  | visible. [potion of mutation]
109837 | Depths:3 | Lost mutation: Your body sometimes deteriorates upon taking
                  | damage. [potion of mutation]
109837 | Depths:3 | Lost mutation: Your movements are slightly less encumbered
                  | by armour. (ER -2) [potion of mutation]
109837 | Depths:3 | Gained mutation: Your system is resistant to poisons.
                  | (rPois) [potion of mutation]
109837 | Depths:3 | Gained mutation: Your flesh is heat resistant. (rF+)
                  | [potion of mutation]
109837 | Depths:3 | Gained mutation: You are somewhat resistant to further
                  | mutation. [potion of mutation]
109962 | Hell     | Reached skill level 10 in Spellcasting
111170 | Tar:1    | Reached skill level 1 in Axes
112032 | Tar:2    | You fall into a shaft and drop 1 floor!
112043 | Tar:3    | Reached skill level 5 in Axes
112206 | Dis:1    | Entered Level 1 of the Iron City of Dis
112403 | Hell     | Upgraded the game from 0.30-a0-305-g026cb31310 to
                  | 0.30-a0-757-ga6a79fd877
117082 | Dis:3    | Upgraded the game from 0.30-a0-757-ga6a79fd877 to
                  | 0.30-a0-972-gf3ab3527aa
117082 | Dis:3    | Upgraded the game from 0.30-a0-972-gf3ab3527aa to
                  | 0.32-a0-17-gb74e046682
117083 | Dis:3    | HP: 8/193 [iron golem (8)]
117086 | Dis:3    | Slain by an iron golem

Illustrated notes

Levels and vault maps discovered:
D:1:      lemuel_arrival_behind_the_door_large, layout_basic, serial_forest,
          infiniplex_forest_join, infiniplex_forest_end_3,
          infiniplex_forest_join, infiniplex_forest_clump_long,
          infiniplex_forest_end_1, infiniplex_forest_end_1,
          infiniplex_forest_end_1
D:2:      layout_loops_cross
D:3:      layout_basic, serial_glass, glass_columns_a, glass_columns_b,
          shapermc_ecumenical_altar_ellora, grunt_decor_junction,
          lexackson_kobold_supper, uniq_robin, uniq_terence
D:4:      layout_basic, minmay_temple_entry_butterflies, hangedman_decor_points,
          uniq_crazy_yiuf_cottage
D:5:      nicolae_BIG_FREAKIN_CUBE, layout_gridville,
          nicolae_hepliaklqana_monster_ancestors,
          mainiacjoe_overflow_small_starburst
D:6:      layout_loops_ring, nicolae_overflow_hidden_temple, uniq_edmund,
          uniq_eustachio, uniq_sigmund
D:7:      layout_basic, mainiacjoe_overflow_six_doors_small,
          mainiacjoe_overflow_catch_the_wave
D:8:      layout_basic
D:9:      minmay_inner_zag, layout_basic, feat_on_display
D:10:     hangedman_cross_stitches, layout_small_grid, dpeg_lair_monsters,
          david_orc_2
D:11:     layout_loops_ring, corexii_corridor_pit
D:12:     layout_loops_cross, minmay_misc_feat_doors, tgw_xom, uniq_frances
D:13:     layout_rooms, serial_aquarium, aquarium_bridge_straight
          [aquarium_subvault_bridge, aquarium_subvault_wall,
          aquarium_subvault_bridge, aquarium_subvault_wall],
          aquarium_bridge_island_small [aquarium_subvault_small_water,
          aquarium_subvault_wall, aquarium_subvault_bridge,
          aquarium_subvault_wall, aquarium_subvault_bridge], aquarium_window_2,
          aquarium_window_1, aquarium_view_2b, aquarium_pool_S,
          lightli_wizard_tower, uniq_rupert, uniq_snorg, uniq_sonja
D:14:     layout_gridville, erik_vaults_2, minmay_misc_feat_more_columns
D:15:     gammafunk_depths_entry_grave, layout_loops_corners,
          gammafunk_ghost_stat_death, chequers_serial_rivers_micro_e,
          uniq_roxanne, uniq_agnes
Temple:   nicolae_temple_superstar
Lair:1:   layout_cave_pods, infiniplex_staircase_pool_2, uniq_amaemon
Lair:2:   layout_regular_city, elwin_shoals_entry_stream,
          nicolae_lair_run_with_the_wolves, uniq_gastronok, uniq_urug
Lair:3:   layout_layer_cave, nicolae_spider_entry_orb_guardian, basic_altar,
          minmay_shattered_shrine
Lair:4:   layout_long_grid
Lair:5:   evilmike_catoblepas_cave, layout_concentric_octagons, slime_entry_1,
          nicolae_quartered_pool_little
Shoals:1: layout_shoals, serial_shops, shop, ldierk_geyser, st_sunken_huts,
          uniq_kirke
Shoals:2: layout_shoals, nzn_prometheus_bound
Shoals:3: layout_shoals, serial_shops, shop, uniq_jorgrun, uniq_mara
Shoals:4: shoals_end_grunt_garden, layout_shoals
Spider:1: nicolae_spider_hilbert_zone_3 [nicolae_spider_hilbert_4_sides_2_open,
          nicolae_spider_hilbert_3_sides_1_open,
          nicolae_spider_hilbert_3_sides_1_open,
          nicolae_spider_hilbert_3_sides_1_open,
          nicolae_spider_hilbert_3_sides_1_open,
          nicolae_spider_hilbert_4_sides_1_open,
          nicolae_spider_hilbert_4_sides_1_open,
          nicolae_spider_hilbert_4_sides_1_open,
          nicolae_spider_hilbert_4_sides_1_open,
          nicolae_spider_hilbert_4_sides_1_open,
          nicolae_spider_hilbert_4_sides_1_open,
          nicolae_spider_hilbert_4_sides_1_open,
          nicolae_spider_hilbert_4_sides_1_open,
          nicolae_spider_hilbert_3_sides_1_open,
          nicolae_spider_hilbert_3_sides_1_open,
          nicolae_spider_hilbert_3_sides_1_open,
          nicolae_spider_hilbert_3_sides_1_open], gammafunk_ghost_cemetery,
          nicolae_spider_claw_tunnel
Spider:2: layout_chambers, nicolae_spider_nook
Spider:3: layout_spider_delve
Spider:4: johnstein_spider_rune_arachne_lair, portal_ice_cave_entry_dragon,
          drop_trap, uniq_arachne
Slime:1:  layout_caves
Slime:2:  layout_caves, nicolae_slime_welcoming_committee
Slime:3:  layout_caves, nicolae_slime_barrier,
          cheibrodos_slime_lost_civilization_6
Slime:4:  layout_caves
Slime:5
Orc:1:    layout_caves, lightli_volcano_entry_magma_tube
Orc:2:    grunt_orc_community_town_hall, layout_caves,
          grunt_orc_community_big_house_1, grunt_orc_community_big_house_2,
          grunt_orc_community_house_2, grunt_orc_community_house_2,
          grunt_orc_community_house_3, grunt_orc_community_house_2,
          grunt_orc_community_house_1, grunt_orc_community_house_3
Elf:1:    eino_elf_arrival_customs, layout_loops_corners, serial_shops, shop,
          minmay_elf_crystal_heptagon, small_chamber_with_monster, minivault_11,
          minmay_curled_crystal
Elf:2:    nicolae_elf_blades_splatter_lattice [infiniplex_blade_entry_pillars],
          layout_rooms, minivault_16, dreamdust_princess_bridge, uniq_zenata,
          uniq_asterion
Elf:3:    minmay_elf_hall_circle, layout_loops_corners,
          nicolae_trove_entry_path_of_doom
Vaults:1: grunt_vaults_trifunnel, v_pattern_5, st_squares,
          hangedman_vaults_impose, v_misc_30, nicolae_vaults_diagonal_hallway_6,
          v_misc_27, nicolae_vaults_yaktaur_gun_rack, nicolae_vaults_little_ls,
          layout_vaults_omnicross
Vaults:2: gammafunk_ghost_smash, nicolae_vaults_network_square,
          ontoclasm_vaults_ring_square, v_misc_26, v_pattern_2,
          nicolae_vaults_little_squares_1, nicolae_vaults_network_periphery,
          vaults_mumra_minichess, nicolae_vaults_border_crossing,
          ontoclasm_vaults_decontamination, nicolae_vaults_shelves_hall,
          layout_vaults_omnigrid, serial_shops, bzr_entry_road, shop,
          nicolae_shop_bloodbath_and_beyond,
          nicolae_shop_temple_entry_statues_fountains, uniq_aizul
Vaults:3: vaults_room_grunt_arrival_checkpoint, vaults_room_pool,
          minmay_crypt_entry_simple_plaza, nicolae_vaults_mini_display_case,
          nicolae_vaults_network_star, ontoclasm_vaults_idyll,
          nicolae_vaults_circle_grid_b, hangedman_vaults_restitches,
          nicolae_vaults_windows_and_doors_thing, v_rooms_5,
          ontoclasm_vaults_twist, layout_vaults_ring
Vaults:4: portal_desolation_entry_nicolae_nacl, v_rooms_1,
          hangedman_vaults_corner_blocks, nicolae_vaults_triangles,
          hangedman_vaults_maws, vaults_room_ringed_pool,
          hangedman_vaults_restitches, vaults_mumra_hex, v_misc_2,
          vaults_room_semicircle, nicolae_vaults_angled_halls,
          nicolae_vaults_theta, vaults_dpeg_ring,
          nicolae_vaults_little_squares_4, vaults_room_pools,
          layout_vaults_omnibox
Vaults:5: serial_shops, uniq_frederick, uniq_margery
Crypt:1:  layout_misc_corridors, evilmike_ambush [evilmike_ambush_outer_basic,
          evilmike_ambush_inner_pond], uniq_saint_roka, uniq_donald
Crypt:2:  layout_regular_city, serial_co_window_serial, co_window_corner_a,
          co_window_corner_a, co_window_paths_b, co_window_paths_b,
          co_window_corner_a, co_window_2corner, co_window_2corner,
          co_window_broadway_b, co_window_cross_2, co_window_4corner_a,
          glass_columns_a, amcnicky_mini_rare_corridor_liquid, uniq_jory
Crypt:3:  cryptofortress_bobbens, uniq_xtahua
Tomb:1
Depths:1: layout_cave_pools, serial_bayou, serial_bayou_pond_d,
          serial_bayou_shore_a, serial_bayou_pond_d, serial_bayou_crossing,
          hell_entry, vehumet_crystals, firewood_loft, grunt_megastairs_2
Depths:2: minmay_split_circle, layout_cave_shapes, enter_ziggurat_b, hell_entry,
          grunt_pan_entry_sceptre, serial_sigils_hangedman_shear,
          nicolae_abyss_entry_one_way_or_another, minmay_misc_feat_enclosed,
          grunt_decor_clamped, kennysheep_windowed_goal
Depths:3: grunt_crosshair, layout_gridlike, hell_entry, serial_shops,
          nicolae_shop_waterfront, nicolae_elyvilon_peaceful_grove,
          hangedman_abyss_entry_splay, minmay_staircase_statues,
          serial_bayou_shore_b, serial_bayou_shore_b
Depths:4: hangedman_slaughterboxes, hell_entry, uniq_mennas, uniq_grunn
Hell
Dis:1:    layout_overlapping_boxes, hangedman_dis_decor_tower
Dis:2:    layout_gridville
Dis:3:    layout_subdivisions, nicolae_dis_metal_dragon_surprise
Tar:1:    layout_cathedral_of_symmetry
Tar:2:    layout_grid_maze
Tar:3:    layout_grid_maze, nicolae_tar_just_some_guys
Zot:1:    kennysheep_bubbly, layout_cathedral_of_symmetry
Zot:2:    layout_misc_corridors, uniq_josephina
Zot:3:    layout_basic, lemuel_elevator, uniq_parghit
Zot:4:    layout_cathedral_of_symmetry, ebering_ghost_xom, grunt_megastairs_3
Zot:5:    layout_gridlike

Skill      XL: |  1  2  3  4  5  6  7  8  9 10 11 12 13 14 15 16 17 18 19 20 21 22 23 24 25 26 27 |
---------------+----------------------------------------------------------------------------------+-----
Maces & Flails | 2 3 4 5 7 8 10 11 12 13 15 16 17 18 19 20 21 22 23 | 23.1
Armour         | 3 5 6 8 9 10 11 12 13 14 16 17 18 20 | 20.3
Shields        | 3 4 5 6 7 8 9 10 11 12 13 14 15 16 18 19 20 | 20.0
Fighting       | 4 5 6 8 9 11 12 14 15 16 17 18 19 20 21 22 23 24 25 | 25.0
Invocations    | 1 3 4 8 11 12 13 14 15 | 15.0
Dodging        | 3 6 9 10 11 | 11.5
Hexes          | 4 6 8 10 12 | 12.6
Air Magic      | 3 6 8 9 11 | 11.6
Evocations     | 5 8 |  8.4
Spellcasting   | 10 | 10.1
Necromancy     | 19 | 19.7
Axes           | 8 |  8.0

Action                     |  1- 3 |  4- 6 |  7- 9 | 10-12 | 13-15 | 16-18 | 19-21 | 22-24 | 25-27 || total
---------------------------+-------+-------+-------+-------+-------+-------+-------+-------+-------++-------
  Melee: Flail             |    98 |   210 |   370 |   652 |       |       |       |       |       ||  1330
         Tailslap          |       |       |    47 |   138 |   408 |   495 |   445 |   759 |  1904 ||  4196
         Demon whip        |       |       |       |    74 |  1083 |   605 |  2017 |  2709 |  6169 || 12657
         Morningstar       |       |       |       |       |   834 |  1694 |       |       |   293 ||  2821
         Peck              |       |       |       |       |       |   303 |   602 |  1046 |   882 ||  2833
         Dire flail        |       |       |       |       |       |       |    60 |       |       ||    60
         Eveningstar       |       |       |       |       |       |       |       |   184 |       ||   184
  Throw: Throwing net      |       |     1 |     1 |     2 |       |       |       |       |       ||     4
         Dart              |       |       |       |     7 |     1 |       |       |       |       ||     8
         Javelin           |       |       |       |       |     6 |     3 |       |       |     1 ||    10
   Cast: Dispel Undead     |       |       |       |       |       |       |       |       |     6 ||     6
         Animate Dead      |       |       |       |       |       |       |       |       |     2 ||     2
         Silence           |       |       |       |       |       |       |       |       |     1 ||     1
 Invoke: Heroism           |       |       |     9 |    19 |    26 |    19 |    18 |    18 |    16 ||   125
         Finesse           |       |       |       |       |     5 |     8 |     4 |     2 |     6 ||    25
         Duel              |       |       |       |       |     1 |       |     1 |     3 |     2 ||     7
         Unearth Wretches  |       |       |       |       |       |       |       |       |     2 ||     2
         Receive Forbidden |       |       |       |       |       |       |       |       |     1 ||     1
Ability: Hurl Damnation    |       |       |       |       |       |       |       |       |     5 ||     5
         Evoke Blink       |       |       |       |       |       |       |       |       |     2 ||     2
  Evoke: Wand              |     7 |     6 |     3 |    10 |    10 |     2 |     3 |     2 |     2 ||    45
         Horn of Geryon    |       |       |       |       |       |       |       |       |     1 ||     1
    Use: Potion            |       |     5 |       |     7 |     2 |    11 |     3 |    10 |    28 ||    66
         Scroll            |       |       |     4 |    14 |    10 |     9 |    13 |    29 |    28 ||   107
   Stab: Invisible         |       |       |       |       |       |     5 |       |       |     9 ||    14
         Distracted        |       |       |       |       |       |       |       |    10 |    10 ||    20
         Paralysed         |       |       |       |       |       |       |       |       |     2 ||     2
 Armour: Scale mail        |    41 |    77 |    66 |       |       |       |       |       |       ||   184
         Chain mail        |       |       |    59 |   297 |   664 |  1178 |   547 |   462 |       ||  3207
         Plate armour      |       |       |       |   126 |       |       |       |       |       ||   126
         Gold dragon scale |       |       |       |       |       |       |       |   317 |  2549 ||  2866
  Dodge: Dodged            |    38 |    68 |   122 |   157 |   302 |   658 |   324 |   422 |  1072 ||  3163
  Block: Buckler           |    45 |    83 |   144 |   288 |    30 |       |       |       |       ||   590
         Tower shield      |       |       |       |       |  1727 |  2890 |  1626 |  2596 |  3704 || 12543
         Other             |       |       |       |       |       |       |    14 |       |       ||    14
         Reflection        |       |       |       |       |       |       |    16 |    30 |    85 ||   131
         Kite shield       |       |       |       |       |       |       |       |       |  2773 ||  2773

Table legend: (Time is in decaauts)
 A = Elapsed time spent in this place.
 B = Non-inter-level travel time spent in this place.
 C = Inter-level travel time spent in this place.
 D = Time resting spent in this place.
 E = Time spent auto-exploring this place.
 F = Levels seen in this place.
 G = Mean time per level.
                   A        B        C        D        E       F      G
               +--------+--------+--------+--------+--------+-----+--------+
         Total | 112564 | 100914 |  11650 |  27737 |  46503 |  76 | 1481.1 |
       Dungeon |  24736 |  20804 |   3932 |   4577 |  11862 |  15 | 1649.1 |
        Temple |    290 |    248 |     42 |      0 |     73 |   1 |  290.0 |
          Lair |  10174 |   8929 |   1245 |   1255 |   5638 |   5 | 2034.8 |
        Shoals |   4989 |   4786 |    203 |    617 |   2254 |   4 | 1247.2 |
   Spider Nest |   9595 |   8716 |    879 |   2092 |   4481 |   4 | 2398.8 |
    Slime Pits |   3140 |   2797 |    343 |    959 |   1026 |   5 |  628.0 |
  Orcish Mines |   3603 |   3266 |    337 |    730 |   1719 |   2 | 1801.5 |
   Elven Halls |   6074 |   5510 |    564 |    977 |   2790 |   3 | 2024.7 |
        Vaults |   9942 |   8655 |   1287 |   1498 |   4541 |   5 | 1988.4 |
         Crypt |   4446 |   4099 |    347 |    468 |   2308 |   3 | 1482.0 |
          Tomb |   1729 |   1605 |    124 |    480 |    528 |   1 | 1729.0 |
        Depths |   9958 |   8703 |   1255 |   3314 |   3048 |   4 | 2489.5 |
          Hell |   2821 |   2604 |    217 |   1648 |    353 |   1 | 2821.0 |
           Dis |   3283 |   3235 |     48 |   2961 |    104 |   3 | 1094.3 |
      Tartarus |    952 |    930 |     22 |    245 |    427 |   3 |  317.3 |
           Zot |  11326 |  10528 |    798 |   3636 |   4396 |   5 | 2265.2 |
        Bazaar |    125 |    125 |      0 |      0 |     94 |   1 |  125.0 |
         Trove |     45 |     45 |      0 |      0 |      0 |   1 |   45.0 |
      Ice Cave |   2132 |   2132 |      0 |   1018 |    444 |   1 | 2132.0 |
       Volcano |   1531 |   1531 |      0 |    895 |    155 |   1 | 1531.0 |
    Desolation |   1505 |   1505 |      0 |    296 |    260 |   1 | 1505.0 |
         Arena |    159 |    159 |      0 |     65 |      0 |   7 |   22.7 |
               +--------+--------+--------+--------+--------+-----+--------+

Top non-repeatable levels by time:
Depths:4: 4579 daAuts
   Zot:4: 3871 daAuts
Spider:1: 3662 daAuts
   Zot:5: 3257 daAuts
   Dis:1: 3131 daAuts
Vaults:3: 2956 daAuts
    Hell: 2821 daAuts
  Lair:5: 2647 daAuts
   Orc:2: 2569 daAuts
  Lair:3: 2556 daAuts
   Elf:2: 2404 daAuts
    D:10: 2370 daAuts
Depths:3: 2360 daAuts
Vaults:2: 2325 daAuts
    D:15: 2289 daAuts
